 Dungeon Crawl Stone Soup version 0.29.1-1-gd02db6906a (webtiles) character file.

Game seed: 15304072625621833471

18 Earthwalker the Gusty (level 2, -1/20 HPs)
             Began as a Demigod Air Elementalist on Oct 3, 2022.
             Succumbed to a hobgoblin's poison
             ... on level 1 of the Dungeon.
             The game lasted 00:08:00 (574 turns).

Earthwalker the Gusty (Demigod Air Elementalist)     Turns: 574, Time: 00:08:01

Health: -1/20      AC:  2    Str:  9    XL:     2   Next: 36%
Magic:  1/7        EV: 12    Int: 17    God:
Gold:   0          SH:  0    Dex: 14    Spells: 4/5 levels left

rFire   . . .      SeeInvis .   h - +0 dagger
rCold   . . .      Faith    .   (no shield)
rNeg    . . .      Spirit   .   a - +0 robe
rPois   .          Reflect  .   (no helmet)
rElec   .          Harm     .   (no cloak)
rCorr   .          Rampage  .   (no gloves)
Will    +....                   (no boots)
Stlth   ++........              (no amulet)
HPRegen 0.06/turn               d - ring of willpower
MPRegen 0.10/turn               (no ring)

@: lethally poisoned (-1 -> -14), on berserk cooldown, slowed, very slow
A: high MP 1, forlorn, divine attributes
a: no special abilities


You were on level 1 of the Dungeon.
You visited 1 branch of the dungeon, and saw 1 of its levels.

Inventory:

Hand Weapons
 f - a +0 short sword
 g - a +0 whip
 h - a +0 dagger (weapon)
 i - a +0 short sword
 j - a +0 dagger
 l - a +0 club
Missiles
 k - 8 stones
Armour
 a - a +0 robe (worn)
 c - a +0 robe
 e - a +0 robe
Jewellery
 d - a ring of willpower (left hand)
Potions
 b - a potion of magic


   Skills:
 + Level 2.0 Dodging
 + Level 1.9 Stealth
 + Level 0.3 Unarmed Combat
 + Level 2.0 Spellcasting
 + Level 0.8 Conjurations
 + Level 3.0 Air Magic


You had 4 spell levels left.
You knew the following spells:

 Your Spells              Type           Power      Damage    Failure   Level
a - Shock                 Conj/Air       32%        1d5       9%          1

Your spell library contained the following spells:

 Spells                   Type           Power      Damage    Failure   Level
 Static Discharge         Conj/Air       8%         3-4/arc   13%         2
 Swiftness                Air            12%        N/A       17%         3
 Scorch                   Fire           2%         2d5       28%         2
 Airstrike                Air            6%         2d(1-17)  50%         4
 Flame Wave               Conj/Fire      3%         2d5       85%         4
 Summon Cactus Giant      Summ           0%         N/A       100%        6


Dungeon Overview and Level Annotations

Branches:
Dungeon (1/15)


Innate Abilities, Weirdness & Mutations

You have an increased reservoir of magic. (+10% MP)
You shall have no god before yourself.
Your divine heritage dramatically boosts your attributes as you level up.


Message History

You feel your anger nearly subside.
You are no longer berserk.
You are exhausted.
You feel yourself slow down.
Casting: Shock (safe; 9% risk of failure)
Confirm with . or Enter, or press ? or * to list all spells.
Aiming: Shock (safe; 9% risk of failure)
Press: ? - help, Shift-Dir - straight line, f - dart slug
Aim: a dart slug (100% to hit)
The zap hits the dart slug.
The dart slug is moderately wounded.
The dart slug launches a dart at you. The slug dart hits you.
The dart slug launches a dart at you. The slug dart hits you.
The dart slug launches a dart at you. The slug dart hits you.
Casting: Shock (safe; 9% risk of failure)
Confirm with . or Enter, or press ? or * to list all spells.
Aiming: Shock (safe; 9% risk of failure)
Press: ? - help, Shift-Dir - straight line, f/p - dart slug
Aim: a dart slug (lightly wounded, 100% to hit)
The zap hits the dart slug.
The dart slug is moderately wounded.
The dart slug misses you.
A hobgoblin comes into view. It is quivering poisoned darts.
The dart slug bites you.
The hobgoblin shouts!
You hit the dart slug but do no damage.
The dart slug is moderately wounded.
The dart slug closely misses you.
The hobgoblin throws a poisoned dart.
The poisoned dart hits you!
You are lethally poisoned!
The hobgoblin throws a poisoned dart.
The poisoned dart hits you!
You are more poisoned.
The dart slug launches a dart at you. The slug dart misses you.
* * * LOW HITPOINT WARNING * * *
You feel very sick.
You die...

#.............#####.....
#..†....#.#.### #.∩.....
###...###g#.# ###∩#.....
#####...# #.#...##.....♣..
#.......###.###.#♣........
#.......#.......#♣........
#.......#.......##........
#....####.w....# #~.......
#....####@.....#####.<....
#...............# ##.....
###.....>.###...# ##..♣.
#.......# ...# #####
#.......# ...# #########
..# ###


You could see a dart slug and a hobgoblin.

Vanquished Creatures
  A dart slug (D:1)
  4 bats (D:1)
  An endoplasm (D:1)
  2 goblins (D:1)
  4 kobolds (D:1)
  2 quokkas (D:1)
  A rat (D:1)
15 creatures vanquished.

Notes
Turn   | Place    | Note
-------+----------+-------------------------------------------
     0 | D:1      | Earthwalker the Demigod Air Elementalist began the quest
                  | for the Orb.
     0 | D:1      | Reached XP level 1. HP: 14/14 MP: 5/5
   172 | D:1      | Reached skill level 3 in Air Magic
   421 | D:1      | Reached XP level 2. HP: 20/20 MP: 4/7
   574 | D:1      | Succumbed to a hobgoblin's poison

Illustrated notes

Levels and vault maps discovered:
D:1:      nzn_arrival_settlement, layout_basic,
          shapermc_ecumenical_altar_mp_vishouse, kennysheep_minor_cross

Skill      XL: |  1  2 |
---------------+-------+-----
Spellcasting   | 2 |  2.0
Air Magic      | 3 |  3.0
Dodging        | 2 |  2.0
Stealth        | |  1.9
Unarmed Combat | |  0.3
Conjurations   | |  0.8

Action                   || total
-------------------------++-------
Melee: Unarmed           ||    10
       Dagger            ||    10
 Cast: Shock             ||    36
  Use: Potion            ||     1
Armor: Robe              ||    16
Dodge: Dodged            ||    39
